 Dungeon Crawl Stone Soup version 0.18.1-48-g4cf74bf (webtiles) character file.

7025 Gargoyl the Protected (level 10, 0/78 (82) HPs)
             Began as a Demonspawn Abyssal Knight on Aug 22, 2016.
             Was a High Priest of Lugonu.
             Succumbed to kobold's curare-tipped needle
             ... on level 10 of the Dungeon.
             The game lasted 00:24:01 (8465 turns).

Gargoyl the Protected (Demonspawn Abyssal Knight)   Turns: 8465, Time: 00:24:02

HP:   0/78 (82)     AC: 23    Str: 15 (18) XL:     10   Next: 82%
MP:   1/13          EV:  7    Int: 10 (13) God:    Lugonu [*****.]
Gold: 304           SH:  0    Dex: 11 (13) Spells: 0 memorised, 9 levels left

rFire  + + .     SeeInvis .     a - +3 hand axe (freeze)
rCold  + . .     Gourm    .     J - +0 plate armour
rNeg   + . .     Faith    .     (no shield)
rPois  +         Spirit   +     (helmet restricted)
rElec  +         Dismiss  .     E - +2 cloak {+Inv}
rCorr  +         Reflect  .     v - +2 pair of gloves
SustAt .         Harm     .     (no boots)
MR     .....                    (no amulet)
Stlth  ..........               F - ring of protection from fire
                                u - ring of positive energy

@: lethally poisoned (0 -> -15), about to teleport, resistant, slowed, very
slow, not resistant to hostile enchantments, extremely unstealthy
A: antennae 1, talons 2, rugged brown scales 2, powered by death 1, strong 1,
magic shield
a: Depart the Abyss, Bend Space, Banish, Corrupt, Enter the Abyss, Renounce
Religion, Evoke Invisibility


You were on level 10 of the Dungeon.
You worshipped Lugonu.
Lugonu was extremely pleased with you.
You were full.

You visited 1 branch of the dungeon, and saw 10 of its levels.
You visited the Abyss 1 time.

You collected 504 gold pieces.
You spent 200 gold pieces at shops.

Inventory:

Hand Weapons
 a - a +3 hand axe of freezing (weapon)
 D - a +0 spear
Missiles
 r - 6 javelins (quivered)
 w - 8 tomahawks
Armour
 v - a +2 pair of gloves (worn)
 E - a +2 cloak of invisibility (worn)
 J - a +0 plate armour (worn)
Jewellery
 u - a ring of positive energy (left hand)
 F - a ring of protection from fire (right hand)
 O - an uncursed ring of flight
Wands
 d - a wand of lightning (9/15)
 i - a wand of confusion (8/48)
 p - a wand of iceblast (7/15)
 x - a wand of disintegration (14/24)
 C - a wand of iceblast (9/15)
 G - a wand of paralysis (10/24)
 K - a wand of lightning (11/15)
Scrolls
 e - a scroll of recharging
 g - a scroll of enchant weapon
 k - 4 scrolls of remove curse
 n - 2 scrolls of magic mapping
 s - 2 scrolls of enchant armour
 t - a scroll of blinking
 y - 3 scrolls of amnesia
 B - a scroll of brand weapon
Potions
 h - a potion of haste
 j - a potion of flight
 m - 2 potions of invisibility
 q - a potion of might
 z - a potion of magic
 L - a potion of resistance
Comestibles
 c - 3 bread rations
 f - 6 meat rations
 A - a slice of pizza
 I - 3 fruits
 M - 2 beef jerkies


   Skills:
 + Level 7.3 Fighting
 + Level 7.2 Axes
 + Level 1.4 Throwing
 * Level 10.8 Armour
 + Level 4.8 Dodging
 + Level 0.2 Stealth
 + Level 4.1 Invocations
 + Level 0.2 Evocations


You had 9 spell levels left.
You didn't know any spells.

Dungeon Overview and Level Annotations

Branches:
Dungeon (10/15)            Temple (0/1) D:7            Lair (0/8) D:10
    Orc: D:9-12

Altars:
Ashenzari
Cheibriados
Dithmenos
Fedhas
Gozag
Kikubaaqudgha
Makhleb
Nemelex Xobeh
Trog
Vehumet
Xom

Shops:
D:5 %   D:6 *%*


Innate Abilities, Weirdness & Mutations

You have razor-sharp toenails.
You are mostly covered in rugged brown scales (AC +2, +5% HP).
You regenerate a little health from kills.
When hurt, damage is shared between your health and your magic reserves.
You have a pair of small antennae on your head.
Your muscles are strong. (Str +2)


Message History

* * * LOW HITPOINT WARNING * * *
You feel extremely sick.
The killer bee stings you but does no damage. x2
The killer bee closely misses you.
The killer bee stings you but does no damage. x3
The kobold shoots a curare-tipped needle.
The curare-tipped needle hits you.
You are lethally poisoned!
You have difficulty breathing.
* * * LOW HITPOINT WARNING * * *
You feel as though you will be slow longer.
The killer bee stings you.
* * * LOW HITPOINT WARNING * * *
The killer bee barely misses you. x2
The kobold shoots a curare-tipped needle.
The curare-tipped needle closely misses you.
Drink which item? (? for menu, Esc to quit)
It was a potion of resistance.
You feel protected.
You die...

P.P..PP.≈≈≈≈≈≈≈
.......≈≈≈≈≈≈≈≈.
..hKK≈≈≈≈≈≈≈≈≈≈≈≈
≈≈≈K≈≈≈≈≈≈≈≈≈≈≈≈#
≈≈≈≈≈≈≈≈≈≈≈≈.≈≈≈#
≈≈≈≈≈≈≈≈≈≈....≈≈#
≈≈≈≈≈≈≈yy.?...≈≈#
.......@y......≈#
.......(.......≈#
........8.....≈≈.
.....##...##..≈≈.
.....##...##...≈.
...............≈.
≈≈≈≈≈≈≈≈≈....8..._...8....
≈≈≈≈≈≈≈≈≈..........†....≈#
≈≈≈≈≈≈≈≈≈.....##...##...≈#.


You could see a black bear, a big kobold, 3 killer bees and 2 kobolds.

Vanquished Creatures
  A merfolk (D:10)
  A troll (D:9)
  A vampire (D:8)
  2 yaks (D:10)
  A wraith (D:10)
  2 hippogriffs (D:9)
  A steam dragon (D:9)
  2 ice beasts
  4 black bears
  An orc warrior (D:10)
  4 sky beasts
  4 ogres
  3 necrophages
  4 centaurs
  3 phantoms
  2 big kobolds (D:10)
  5 giant frogs
  3 scorpions
  12 wights
  7 killer bees
  8 howler monkeys
  4 electric eels (D:10)
  2 crimson imps
  2 giant frog zombies
  2 centaur zombies
  A quasit (D:9)
  A hound (D:6)
  A centaur skeleton (D:4)
  3 orc priests (D:10)
  8 orc wizards
  2 giant frog skeletons
  2 iguanas
  2 worker ants
  8 sheep (D:10)
  A killer bee zombie (D:6)
  A hound skeleton (D:5)
  2 howler monkey zombies (D:6)
  10 adders
  12 gnolls
  2 shadow imps (D:6)
  A worm (D:4)
  A dart slug (D:1)
  4 giant geckos
  27 orcs
  5 giant cockroaches
  6 goblins
  11 hobgoblins
  6 jackals
  A quokka (D:9)
  2 ball pythons
  3 bats
  A giant gecko skeleton (D:8)
  3 giant newts
  8 kobolds
  A quokka skeleton (D:7)
  8 rats
225 creatures vanquished.

Vanquished Creatures (others)
  3 plants (D:10)
3 creatures vanquished.

Grand Total: 228 creatures vanquished

Notes
Turn   | Place    | Note
--------------------------------------------------------------
     0 | Abyss:1  | Gargoyl the Demonspawn Abyssal Knight began the quest for the Orb.
     0 | Abyss:1  | Reached XP level 1. HP: 18/18 MP: 2/2
    16 | Abyss:2  | Noticed a small abomination
    39 | D:1      | Escaped the Abyss
   131 | D:1      | Reached * piety under Lugonu
   194 | D:1      | Reached skill level 1 in Dodging
   194 | D:1      | Gained mutation: You regenerate a little health from kills. [demonic ancestry]
   194 | D:1      | Reached XP level 2. HP: 18/24 MP: 4/4
   610 | D:1      | Gained mutation: You are partially covered in rugged brown scales (AC +1, +3% HP). [demonic ancestry]
   610 | D:1      | Reached XP level 3. HP: 24/29 MP: 5/5
   700 | D:2      | Reached skill level 2 in Armour
   841 | D:2      | Found a bloodstained altar of Trog.
   910 | D:2      | Reached ** piety under Lugonu
   993 | D:2      | Gained mutation: When hurt, damage is shared between your health and your magic reserves. [demonic ancestry]
   993 | D:2      | Reached XP level 4. HP: 30/37 MP: 6/6
  1463 | D:3      | Found a faded altar to an unknown god.
  1891 | D:3      | Reached skill level 3 in Armour
  1891 | D:3      | Gained mutation: You have sharp toenails. [demonic ancestry]
  1891 | D:3      | Reached XP level 5. HP: 33/43 MP: 3/7
  2063 | D:4      | Noticed a phantom
  2098 | D:4      | Found an ancient bone altar of Kikubaaqudgha.
  2167 | D:4      | Reached *** piety under Lugonu
  2475 | D:4      | Noticed a centaur
  2479 | D:4      | Reached XP level 6. HP: 28/49 MP: 6/8
  2489 | D:4      | Reached skill level 4 in Armour
  2815 | D:4      | Found a radiant altar of Vehumet.
  2815 | D:4      | Found a burning altar of Makhleb.
  2862 | D:4      | Gained mutation: You are mostly covered in rugged brown scales (AC +2, +5% HP). [demonic ancestry]
  2862 | D:4      | Reached XP level 7. HP: 43/57 MP: 2/9
  3031 | D:4      | Found a shadowy altar of Dithmenos.
  3073 | D:5      | Entered Level 5 of the Dungeon
  3313 | D:5      | Reached skill level 5 in Armour
  3450 | D:5      | Found Razyqe's Food Boutique.
  3563 | D:6      | Found Guwiaf's General Store.
  3576 | D:6      | Got an encrusted scale mail
  3603 | D:5      | Identified the cursed +0 scale mail of Oblivion {-Cast rCorr Int+7} (You found it on level 6 of the Dungeon)
  3803 | D:6      | Bought a scroll of brand weapon for 200 gold pieces
  3937 | D:6      | Reached skill level 5 in Fighting
  4102 | D:6      | Found an opulent altar of Gozag.
  4171 | D:6      | Reached XP level 8. HP: 65/65 MP: 11/11
  4210 | D:6      | Found Ratan's Food Shoppe.
  4218 | D:6      | Reached skill level 6 in Armour
  4297 | D:6      | Found Ublosomujyt's General Store.
  4616 | D:7      | Found a staircase to the Ecumenical Temple.
  4659 | D:7      | Reached skill level 7 in Armour
  4724 | D:7      | Reached **** piety under Lugonu
  5144 | D:7      | Reached XP level 9. HP: 58/69 MP: 12/12
  5384 | D:8      | Reached skill level 8 in Armour
  5426 | D:8      | Reached skill level 5 in Axes
  5461 | D:8      | Gained mutation: You have a pair of small antennae on your head. [potion of mutation]
  5461 | D:8      | Gained mutation: Your muscles are strong. (Str +2) [potion of mutation]
  5598 | D:8      | Found a snail-covered altar of Cheibriados.
  5598 | D:8      | Found a sparkling altar of Nemelex Xobeh.
  5599 | D:8      | Found a blossoming altar of Fedhas.
  5953 | D:8      | Paralysed by a wight for 5 turns
  5962 | D:8      | Paralysed by a wight for 2 turns
  5976 | D:8      | Reached skill level 1 in Throwing
  6261 | D:8      | Reached skill level 9 in Armour
  6302 | D:8      | Found a blossoming altar of Fedhas.
  6543 | D:9      | Gained mutation: You have razor-sharp toenails. [demonic ancestry]
  6543 | D:9      | Reached XP level 10. HP: 66/77 MP: 11/13
  7261 | D:9      | Found a shattered altar of Ashenzari.
  7529 | D:9      | Reached skill level 10 in Armour
  7726 | D:10     | Entered Level 10 of the Dungeon
  7737 | D:9      | Identified a scroll of acquirement
  7882 | D:10     | Found a staircase to the Lair.
  7983 | D:10     | Reached ***** piety under Lugonu
  8437 | D:10     | Found a shimmering altar of Xom.
  8465 | D:10     | Succumbed to kobold's curare-tipped needle

Skill      XL: |  1  2  3  4  5  6  7  8  9 10 |
---------------+-------------------------------+-----
Dodging        | 1 2 3 4 |  4.8
Axes           | 2 3 4 6 7 |  7.2
Armour         | 2 3 4 5 7 9 10 | 10.8
Fighting       | 4 5 6 7 |  7.3
Invocations    | 4 |  4.1
Throwing       | 1 |  1.4
Stealth        | |  0.2
Evocations     | |  0.2

Action                   |  1- 3 |  4- 6 |  7- 9 | 10-12 || total
-------------------------+-------+-------+-------+-------++-------
Melee: Hand axe          |   120 |   239 |   493 |   325 ||  1177
       Kick              |       |    37 |   140 |   100 ||   277
Throw: Tomahawk          |       |       |    13 |       ||    13
       Javelin           |       |       |     2 |     2 ||     4
Invok: Depart the Abyss  |     1 |       |       |       ||     1
       Banish            |       |     2 |       |       ||     2
Evoke: Wand              |       |     2 |     1 |       ||     3
  Use: Scroll            |       |     3 |    15 |     5 ||    23
       Potion            |       |       |     9 |     2 ||    11
  Eat: Chunk             |       |     7 |     5 |     1 ||    13
       Fruit             |       |       |     8 |    12 ||    20
       Royal jelly       |       |       |     1 |       ||     1
Armor: Leather armour    |     6 |       |       |       ||     6
       Ring mail         |    44 |     8 |       |       ||    52
       Chain mail        |       |   174 |   380 |    48 ||   602
       Plate armour      |       |       |       |   278 ||   278
Dodge: Dodged            |    66 |   102 |   245 |   188 ||   601
